 Dungeon Crawl Stone Soup version 0.23.2-40-g277498a (webtiles) character file.

Game seed: 8008958214937697619

6948 ClockworkOrrery the Fighter (level 11, -9/72 HPs)
             Began as a Gargoyle Fighter on Oct 11, 2019.
             Was a High Priest of Okawaru.
             Incinerated by blackflag1's ghost (11 damage)
             ... with a sticky flame
             ... on level 8 of the Dungeon.
             The game lasted 00:26:37 (8839 turns).

ClockworkOrrery the Fighter (Gargoyle Fighter)      Turns: 8839, Time: 00:26:38

Health: -9/72      AC: 25    Str: 27      XL:     11   Next: 7%
Magic:  19/19      EV:  7    Int:  8 (10) God:    Okawaru [*****.]
Gold:   115        SH: 17    Dex: 14      Spells: 20/20 levels left

rFire    . . .     SeeInvis .   J - +6 hand axe "Gram" {venom, *Drain MR+++ Str+3 Dex+4}
rCold    . . .     Gourm    .   o - +0 large shield
rNeg     + + .     Faith    .   K - +0 plate armour
rPois    ∞         Spirit   .   G - +0 helmet
rElec    +         Reflect  .   H - +0 cloak
rCorr    .         Harm     .   y - +0 pair of gloves
MR       +++..                  (no boots)
Stlth    ..........             (no amulet)
HPRegen  0.22/turn              m - +3 ring of strength
MPRegen  0.16/turn              p - ring of positive energy

@: liquid flames, very slightly contaminated, glowing
A: negative energy resistance 1, electricity resistance, unbreathing,
petrification resistance, rot immunity, AC +8
a: Heroism, Finesse, Renounce Religion


You were on level 8 of the Dungeon.
You worshipped Okawaru.
Okawaru was extremely pleased with you.
You were very hungry.

You visited 2 branches of the dungeon, and saw 9 of its levels.

You collected 355 gold pieces.
You spent 240 gold pieces at shops.

Inventory:

Hand Weapons
 a - a +0 flail
 i - the +7 shortbow of Dishonour {velocity, *Contam rPois rF+ MR+, unknown}
   (Okawaru gifted it to you on level 8 of the Dungeon)

   Any arrow fired from it inflicts extra damage.
   It protects you from fire.
   It protects you from poison.
   It affects your resistance to hostile enchantments.
   It causes magical contamination when unequipped.
 r - a +2 short sword of speed
 J - the +6 hand axe "Gram" (weapon) {venom, *Drain MR+++ Str+3 Dex+4}
   (You found it on level 7 of the Dungeon)

   It poisons the flesh of those it strikes.
   It affects your strength (+3).
   It affects your dexterity (+4).
   It affects your resistance to hostile enchantments.
   It causes draining when unequipped.
 L - a +4 quarterstaff of chaos
Missiles
 t - 120 stones (quivered)
Armour
 o - a +0 large shield (worn)
 y - a +0 pair of gloves (worn)
 B - a +2 robe of magic resistance
 G - a +0 helmet (worn)
 H - a +0 cloak (worn)
 K - a +0 plate armour (worn)
Magical Staves
 I - an uncursed staff of poison
Jewellery
 m - a +3 ring of strength (left hand)
 p - a ring of positive energy (right hand)
 s - an uncursed ring of protection from cold
 w - an uncursed ring of fire
Scrolls
 g - 2 scrolls of noise {unknown}
 h - 6 scrolls of teleportation
 j - 2 scrolls of blinking
 l - 5 scrolls of identify
 q - 2 scrolls of amnesia {unknown}
 u - 5 scrolls of enchant weapon {unknown}
 C - a scroll of magic mapping {unknown}
 D - 2 scrolls of random uselessness {unknown}
 E - 2 scrolls of remove curse
 F - a scroll of holy word {unknown}
Potions
 b - a potion of ambrosia {unknown}
 c - 4 potions of heal wounds {unknown}
 d - 3 potions of might
 e - 4 potions of berserk rage {unknown}
 k - a potion of resistance {unknown}
 n - 3 potions of haste {unknown}
 v - 3 potions of cancellation
 x - a potion of curing
 z - a potion of agility {unknown}
 A - a potion of invisibility {unknown}
 M - a potion of brilliance {unknown}
 N - a potion of flight {unknown}
 O - a potion of mutation
Comestibles
 f - 14 rations


   Skills:
 * Level 10.3 Fighting
 + Level 6.7 Maces & Flails
 + Level 7.7 Armour
 + Level 5.2 Dodging
 + Level 7.7 Shields
 + Level 5.3 Spellcasting


You had 20 spell levels left.
You didn't know any spells.
Your spell library contained the following spells:

 Spells                   Type           Power        Failure   Level  Hunger
 Animate Skeleton         Necr           N/A          100%        1    #......
 Apportation              Tloc           #.....       100%        1    #......
 Confusing Touch          Hex            #.....       100%        1    #......
 Summon Small Mammal      Summ           #...         100%        1    #......


Dungeon Overview and Level Annotations

Branches:
Dungeon (8/15)             Temple (1/1) D:5
   Lair: D:8-11

Altars:
Ashenzari
Cheibriados
Dithmenos
Elyvilon
Fedhas
Gozag
Hepliaklqana
Kikubaaqudgha
Makhleb
Nemelex Xobeh
Okawaru
Qazlal
Ru
Sif Muna
Trog
Uskayaw
Vehumet
Wu Jian
Xom
Yredelemnul
Zin
The Shining One

Shops:
D:6 :   D:7 (

Annotations:
D:8 blackflag1's ghost, novice DrFE


Innate Abilities, Weirdness & Mutations

You are resistant to torment.
Your stone body is resilient. (AC +8)
You are immune to poison.
You resist negative energy. (rN+)
You are resistant to electric shocks. (rElec)
You can survive without breathing.
You are immune to petrification.
You are immune to rotting.


Message History

You hit blackflag1's ghost.
Blackflag1's ghost is lightly damaged.
You are covered in liquid flames!
* * * LOW HITPOINT WARNING * * *
The quasit disappears in a puff of smoke!
You block blackflag1's ghost's attack.
You hit blackflag1's ghost but do no damage.
Blackflag1's ghost is lightly damaged.
You are covered in liquid flames!
* * * LOW HITPOINT WARNING * * *
Blackflag1's ghost points at you and mumbles some strange words.
You block the flame tongue.
Blackflag1's ghost sprays you with burning goo.
The sticky flame hits you.
You are covered in liquid flames!
* * * LOW HITPOINT WARNING * * *
You closely miss blackflag1's ghost.
Blackflag1's ghost is lightly damaged.
You are covered in liquid flames!
You die...

...#.§#....#.# .#.#.#.#.#.#.#
####### ...'..#....'.##
#.....# ...'..5.#3.'..#
#..)..#### ..3'.G#§...W..#
#......))) .#5#.#.#y#.#..#
#...÷.#### ..5#..#....#..#
#.....#
#############.############.###
#Q3W@.†....# #.#
#########..###<##
#............
############.####.######
#>...........# #.#
######.############ #.#
#...)...)....# #.#
#(#########..# #.# #.# #..#
###.######


You could see a neqoxec, a tengu and blackflag1's ghost.

Vanquished Creatures
  A very ugly thing (D:8)
  A two-headed ogre (D:8)
  A deep elf mage (D:8)
  4 ugly things (D:8)
  Maurice (D:8)
  Prince Ribbit (D:6)
  A blink frog (shapeshifter) (D:8)
  A basilisk (shapeshifter) (D:8)
  A water moccasin (D:6)
  2 orc warriors
  3 sky beasts
  2 phantoms
  An ogre (D:4)
  3 centaurs
  A bullfrog (D:8)
  A gnoll sergeant (D:8)
  3 wights (D:8)
  2 howler monkeys (D:7)
  3 crimson imps
  5 orc priests
  Crazy Yiuf (D:7)
  7 hounds
  2 jellies
  5 orc wizards
  A gnoll shaman (D:5)
  An iguana (D:6)
  3 worker ants
  A hound zombie (D:5)
  A worker ant zombie (D:5)
  A howler monkey skeleton (D:6)
  8 gnolls
  8 adders
  2 shadow imps
  An ooze (D:5)
  An adder zombie (D:5)
  2 worms (D:2)
  6 leopard geckos
  35 orcs
  2 ball pythons
  6 giant cockroaches
  10 goblins
  3 hobgoblins
  16 jackals
  5 quokkas
  4 bats
  8 frilled lizards
  A jackal skeleton (D:7)
  4 kobolds
  A leopard gecko skeleton (D:7)
  2 quokka zombies
  8 rats
194 creatures vanquished.

Notes
Turn   | Place    | Note
-------+----------+-------------------------------------------
     0 | D:1      | ClockworkOrrery the Gargoyle Fighter began the quest for
                  | the Orb.
     0 | D:1      | Reached XP level 1. HP: 14/14 MP: 1/1
   378 | D:1      | Reached XP level 2. HP: 18/19 MP: 2/2
  1149 | D:2      | Reached XP level 3. HP: 21/24 MP: 3/3
  1374 | D:2      | Reached skill level 1 in Dodging
  1378 | D:2      | Reached skill level 4 in Fighting
  1531 | D:2      | Found an opulent altar of Gozag.
  1533 | D:2      | Found a glowing golden altar of the Shining One.
  1537 | D:2      | Found a sacrificial altar of Ru.
  1537 | D:2      | Found an ornate altar of the Wu Jian Council.
  1537 | D:2      | Found a snail-covered altar of Cheibriados.
  1540 | D:2      | Found a deep blue altar of Sif Muna.
  1542 | D:2      | Found an iron altar of Okawaru.
  1545 | D:2      | Became a worshipper of Warmaster Okawaru
  1620 | D:2      | Reached XP level 4. HP: 29/29 MP: 4/4
  2228 | D:3      | Reached XP level 5. HP: 34/34 MP: 5/5
  3186 | D:4      | Reached * piety under Okawaru
  3381 | D:4      | Reached XP level 6. HP: 40/40 MP: 6/6
  3429 | D:4      | Reached skill level 5 in Fighting
  3429 | D:4      | Reached skill level 1 in Spellcasting
  4096 | D:5      | Entered Level 5 of the Dungeon
  4127 | D:4      | Reached XP level 7. HP: 41/44 MP: 7/9
  4204 | D:5      | Reached ** piety under Okawaru
  4215 | D:5      | Found a staircase to the Ecumenical Temple.
  4269 | Temple   | Entered the Ecumenical Temple
  4598 | D:5      | Reached skill level 6 in Fighting
  4733 | D:5      | Reached XP level 8. HP: 41/51 MP: 11/11
  4748 | D:5      | Reached skill level 5 in Armour
  4748 | D:5      | Reached skill level 5 in Shields
  5176 | D:6      | Found a blossoming altar of Fedhas.
  5348 | D:6      | Noticed Prince Ribbit
  5626 | D:6      | Found Axiotast's Book Boutique.
  5630 | D:6      | Bought a book of Cantrips for 240 gold pieces
  6099 | D:6      | Found a shadowy altar of Dithmenos.
  6349 | D:6      | Killed Prince Ribbit
  6349 | D:6      | Reached skill level 7 in Fighting
  6699 | D:7      | Got a smoking hand axe
  6700 | D:7      | Identified the +6 hand axe "Gram" {venom, *Drain MR+++
                  | Str+3 Dex+4} (You found it on level 7 of the Dungeon)
  6763 | D:7      | Reached *** piety under Okawaru
  6763 | D:7      | Received a gift from Okawaru
  6766 | D:7      | Reached XP level 9. HP: 49/57 MP: 13/13
  7201 | D:7      | Found Vefamoh's Weapon Emporium.
  7522 | D:7      | Found a runed translucent door.
  7523 | D:7      | Noticed Crazy Yiuf
  7530 | D:7      | Killed Crazy Yiuf
  7571 | D:8      | Noticed a deep elf mage
  7590 | D:8      | Killed a deep elf mage
  7590 | D:8      | Reached skill level 8 in Fighting
  7590 | D:8      | Reached skill level 5 in Maces & Flails
  7898 | D:8      | Noticed Maurice
  7920 | D:8      | Killed Maurice
  8064 | D:8      | Reached **** piety under Okawaru
  8103 | D:8      | Reached XP level 10. HP: 60/65 MP: 16/16
  8172 | D:8      | Noticed a two-headed ogre
  8182 | D:8      | Killed a two-headed ogre
  8182 | D:8      | Reached skill level 9 in Fighting
  8385 | D:8      | Noticed a red very ugly thing
  8385 | D:8      | Noticed a green ugly thing
  8385 | D:8      | Noticed a red ugly thing
  8386 | D:8      | Found a runed translucent gate.
  8386 | D:8      | Found a runed translucent gate.
  8386 | D:8      | Found a runed translucent gate.
  8386 | D:8      | Noticed a purple ugly thing
  8386 | D:8      | Noticed a purple ugly thing
  8427 | D:8      | Killed a brown very ugly thing
  8427 | D:8      | Reached ***** piety under Okawaru
  8430 | D:8      | Killed a white ugly thing
  8440 | D:8      | Killed a purple ugly thing
  8440 | D:8      | Received a gift from Okawaru
  8440 | D:8      | Reached skill level 5 in Spellcasting
  8447 | D:8      | HP: 1/68 [purple ugly thing (10)]
  8451 | D:8      | Killed a green ugly thing
  8451 | D:8      | Reached skill level 10 in Fighting
  8451 | D:8      | Reached skill level 5 in Dodging
  8460 | D:8      | Killed a purple ugly thing
  8460 | D:8      | Reached XP level 11. HP: 4/72 MP: 18/18
  8767 | D:8      | Got a dazzling shortbow {god gift}
  8775 | D:8      | Found a runed translucent gate.
  8775 | D:8      | Found a runed translucent gate.
  8784 | D:8      | Found a runed translucent gate.
  8784 | D:8      | Noticed blackflag1's ghost (novice DrFE)
  8805 | D:8      | Noticed a fire crab
  8805 | D:8      | a black mamba changed into a fire crab
  8838 | D:8      | HP: 2/72 [blackflag1's ghost/sticky flame (3)]
  8839 | D:8      | Incinerated by blackflag1's ghost

Skill      XL: |  1  2  3  4  5  6  7  8  9 10 |
---------------+-------------------------------+-----
Dodging        | 1 2 3 4 5 |  5.2
Fighting       | 4 5 6 7 8 10 | 10.3
Armour         | 4 5 6 7 |  7.7
Shields        | 4 5 6 7 |  7.7
Maces & Flails | 3 4 5 6 |  6.7
Spellcasting   | 1 2 3 4 5 |  5.3

Action                   |  1- 3 |  4- 6 |  7- 9 | 10-12 || total
-------------------------+-------+-------+-------+-------++-------
Melee: Flail             |   162 |    58 |       |       ||   220
       Short sword       |       |   206 |   468 |       ||   674
       Hand axe          |       |       |   118 |   102 ||   220
  Use: Scroll            |       |     8 |     2 |     1 ||    11
  Eat: Chunk             |     2 |     9 |    13 |     2 ||    26
Armor: Scale mail        |    65 |   115 |   190 |       ||   370
       Plate armour      |       |       |    61 |    27 ||    88
Dodge: Dodged            |    44 |    51 |   102 |     9 ||   206
Block: Shield            |    31 |       |       |       ||    31
       Large shield      |    81 |   199 |   420 |    58 ||   758
